 Dungeon Crawl Stone Soup version 0.18.1-6-gd335043 (webtiles) character file.

5176 Jerry the Summoner (level 10, -5/69 HPs)
             Began as a Demigod Wizard on May 18, 2016.
             Killed from afar by a gargoyle (14 damage)
             ... with a stone arrow
             ... on level 9 of the Dungeon.
             The game lasted 03:00:43 (14597 turns).

Jerry the Summoner (Demigod Wizard)                Turns: 14597, Time: 03:00:44

Health: -5/69      AC: 15    Str: 14    XL:     10   Next: 12%
Magic:  18/18      EV:  7    Int: 26    God:
Gold:   713        SH:  2    Dex: 16    Spells: 4 memorised, 6 levels left

rFire  . . .     SeeInvis .     A - +3 quarterstaff (protect)
rCold  + . .     Gourm    +     M - +2 leather armour {rC+}
rNeg   . . .     Faith    .     (shield currently unavailable)
rPois  .         Spirit   .     b - +1 hat
rElec  .         Dismiss  .     f - +0 cloak
rCorr  .         Reflect  .     p - +0 pair of gloves
SustAt +         Harm     .     (no boots)
MR     +....                    P - amulet of the gourmand
Stlth  ++........               (no ring)
                                D - +4 ring of strength

@: drained, somewhat resistant to hostile enchantments, unstealthy
A: antennae 1, large bone plates 1, agile 1, dopey 1, high mp 1, regeneration 1,
sustain attributes
a: no special abilities


You were on level 9 of the Dungeon.
You were very full.

You visited 1 branch of the dungeon, and saw 10 of its levels.
You also visited: Ossuary and Bailey.

You collected 713 gold pieces.

Inventory:

Hand Weapons
 g - a +0 trident
 w - a +0 blowgun
 A - a +3 quarterstaff of protection (weapon)
Missiles
 y - 25 poisoned needles
Armour
 b - a +1 hat (worn)
 f - a +0 cloak (worn)
 p - a +0 pair of gloves (worn)
 M - a +2 leather armour of cold resistance (worn)
Jewellery
 B - an uncursed amulet of regeneration
 D - a +4 ring of strength (left hand)
 P - an amulet of the gourmand (around neck)
Wands
 a - a wand of flame (0/48)
 C - a wand of random effects (0/48)
 H - a wand of lightning (5/15)
 L - a wand of flame (19/48)
Scrolls
 e - 8 scrolls of identify
 h - a scroll of teleportation
 i - a scroll of noise
 j - 3 scrolls of remove curse
 r - a scroll of amnesia
 s - a scroll of recharging {unknown}
 t - 2 scrolls of fear {unknown}
 u - a scroll of blinking {unknown}
 E - a scroll of summoning {unknown}
 G - a scroll of vulnerability {unknown}
 K - 5 scrolls of enchant armour
 R - a scroll of magic mapping {unknown}
Potions
 k - a potion of invisibility
 l - a potion of haste
 m - 4 potions of might {unknown}
 n - a potion of flight {unknown}
 v - 2 potions of beneficial mutation {unknown}
 z - a potion of resistance
 F - a potion of agility {unknown}
 J - 4 potions of curing {unknown}
 N - 2 potions of lignification {unknown}
 Q - 2 potions of heal wounds {unknown}
Books
 c - a book of Minor Magic

   Spells                             Type                      Level
   a - Magic Dart                     Conjuration                  1
   b - Blink                          Translocation                2
   c - Call Imp                       Summoning                    2
   d - Repel Missiles                 Charms/Air                   2
   e - Slow                           Hexes                        2
   f - Conjure Flame                  Conjuration/Fire             3
   g - Mephitic Cloud                 Conjuration/Poison/Air       3
 q - a Fen Folio

   Spells                             Type                      Level
   a - Corpse Rot                     Necromancy                   2
   b - Stone Arrow                    Conjuration/Earth            3
   c - Leda's Liquefaction            Hexes/Earth                  4
   d - Summon Forest                  Summoning/Translocation      5
   e - Hydra Form                     Transmutation                6
   f - Summon Hydra                   Summoning                    7
Comestibles
 d - 6 bread rations
 o - 12 fruits
 x - 2 meat rations
 I - a beef jerky
 O - 8 slices of pizza


   Skills:
 - Level 4.0(3.5) Armour
 - Level 1.7(1.3) Dodging
 - Level 1.7(1.3) Stealth
 - Level 3.5(3.0) Spellcasting
 - Level 7.6(7.1) Conjurations
 + Level 9.9(9.3) Summonings
 - Level 0.8(0.4) Translocations
 - Level 2.2(1.8) Air Magic
 - Level 3.4(3.0) Poison Magic


You had 6 spell levels left.
You knew the following spells:

 Your Spells              Type           Power        Failure   Level  Hunger
b - Call Imp              Summ           ######..     1%          2    ##.....
c - Conjure Flame         Conj/Fire      ###.....     10%         3    ###....
d - Mephitic Cloud        Conj/Pois/Air  ###.....     10%         3    ###....
e - Blink                 Tloc           N/A          17%         2    ##.....


Dungeon Overview and Level Annotations

Branches:
Dungeon (10/15)            Temple (0/1) D:4
   Lair: D:8-11         Orc: D:9-12


Innate Abilities, Weirdness & Mutations

You have an increased reservoir of magic (+10% MP).
Your attributes are resistant to harm.
You have a pair of small antennae on your head.
You are partially covered in large bone plates (AC +2, SH +2).
You are agile. (Dex +2)
You are dopey. (Int -2)
Your natural rate of healing is unusually fast.


Message History

Aim: a gargoyle, wielding a flail The gargoyle seems to speed up.
Evoking this partially-identified wand wasted a few charges.
The gargoyle hurls a stone arrow at you.
The stone arrow hits you!
The gargoyle hurls a stone arrow at you.
The stone arrow hits you!
The gargoyle hurls a stone arrow at you.
The stone arrow hits you!
The gargoyle hurls a stone arrow at you.
The stone arrow hits you!
The gargoyle hurls a stone arrow at you.
The stone arrow hits you!
* * * LOW HITPOINT WARNING * * *
The gargoyle hurls a stone arrow at you.
The stone arrow misses you.
There is a stone staircase leading up here.
The gargoyle hurls a stone arrow at you.
The stone arrow hits you!
You die...

#...# #.##..##(###.# #§# #....###
#...###.#.....(###.###9# #....###
............##.......#.###....#..
#.......#.#....#.###.#§..).9....#
#.#######.###..#.....########.###
#.# #.###....#...########....
#.#######..........(.......######
..).....######.#.#....####.# ###.
.....)..##......@..9..# #.# #.#.
........##.##....∩....####9# #.#.
........##.#.............#.###.#.
........##.#.........###.#.......
........##.#.......(.............
##########.#...§..§§..##.#######.
#.#..##§§§§..##.......#.
#.#...§§§§P§§########.#[
#.#.###§P§......# #...


You could see a gargoyle.

Vanquished Creatures
  Psyche (D:8)
  A troll (D:9)
  Prince Ribbit (D:7)
  A yak (D:10)
  A spriggan (D:8)
  A hippogriff (D:8)
  2 water moccasins
  2 orc warriors
  2 phantoms
  An ogre (D:9)
  2 centaurs (D:6)
  2 giant frogs
  A killer bee (D:8)
  3 howler monkeys
  3 wights (D:9)
  2 crimson imps
  A giant frog zombie (D:5)
  A jelly (D:5)
  2 orc wizards
  An orc priest (D:7)
  A hound (D:8)
  A giant frog skeleton (D:9)
  Natasha (D:3)
  3 worker ants
  7 gnolls
  3 adders
  2 river rats (D:10)
  An ooze (D:5)
  An adder skeleton (D:9)
  3 dart slugs
  14 orcs
  A ball python (D:8)
  7 goblins
  10 hobgoblins
  4 jackals
  5 quokkas
  7 bats
  4 giant newts
  26 kobolds
  2 quokka skeletons
  11 rats
145 creatures vanquished.

Vanquished Creatures (collateral kills)
  Pikel (D:6)
  A two-headed ogre (D:6)
  A wyvern (D:9)
  Menkaure (D:7)
  2 sky beasts
  5 ice beasts
  A black bear (D:8)
  2 orc warriors
  2 necrophages (D:8)
  A phantom (D:5)
  6 ogres
  A crocodile (D:9)
  2 centaurs
  5 big kobolds
  3 giant frogs
  A water moccasin zombie (Ossuary)
  2 scorpions
  3 killer bees (D:8)
  3 wights
  4 crimson imps
  2 howler monkeys
  A quasit (D:7)
  A jelly (D:6)
  6 orc wizards
  A giant frog skeleton (D:9)
  3 iguanas
  5 orc priests
  2 hounds
  Natasha (twice) (D:3)
  Ijyb (D:3)
  Terence (D:2)
  2 worker ants
  A killer bee zombie (D:9)
  A mummy (D:9)
  A hound skeleton (D:4)
  8 gnolls
  12 adders
  2 howler monkey skeletons
  A river rat (D:9)
  2 shadow imps (D:5)
  4 adder zombies
  4 worms
  17 orcs
  3 bats (D:10)
  3 giant cockroaches
  8 hobgoblins
  6 jackals
  3 quokkas
  A giant newt (D:4)
  3 goblins (Bailey)
  A jackal zombie (D:8)
  29 kobolds
  2 orc zombies (Ossuary)
  A quokka skeleton (D:4)
  4 rats
191 creatures vanquished.

Vanquished Creatures (others)
  An orc (D:6)
  A fungus (D:10)
  3 plants (D:10)
5 creatures vanquished.

Grand Total: 341 creatures vanquished

Notes
Turn   | Place    | Note
--------------------------------------------------------------
     0 | D:1      | Jerry the Demigod Wizard began the quest for the Orb.
     0 | D:1      | Reached XP level 1. HP: 14/14 MP: 6/6
   756 | D:1      | Reached XP level 2. HP: 17/20 MP: 2/8
  1360 | D:2      | Noticed Terence
  1368 | D:1      | Learned a level 2 spell: Call Imp
  1398 | D:2      | Reached skill level 1 in Summonings
  1545 | D:2      | Reached XP level 3. HP: 26/26 MP: 7/10
  1701 | D:2      | Reached skill level 2 in Summonings
  2146 | D:2      | Found an ancient bone altar of Kikubaaqudgha.
  2148 | D:2      | Found a shadowy altar of Dithmenos.
  2203 | D:2      | Killed Terence
  2203 | D:2      | Reached XP level 4. HP: 33/33 MP: 7/12
  2203 | D:2      | Reached skill level 3 in Summonings
  2313 | D:2      | Found an oddly glowing altar of Pakellas.
  2364 | D:3      | Noticed Natasha
  2369 | D:3      | Killed Natasha
  2371 | D:3      | Noticed Ijyb
  2714 | D:3      | Killed Ijyb
  3055 | D:3      | Noticed Natasha
  3397 | D:3      | Killed Natasha
  3517 | D:3      | Reached skill level 4 in Summonings
  3517 | D:3      | Reached XP level 5. HP: 31/38 MP: 9/13
  3522 | D:3      | Learned a level 3 spell: Conjure Flame
  3563 | D:3      | Noticed Natasha
  3570 | D:3      | Killed Natasha
  3570 | D:3      | Reached skill level 1 in Conjurations
  4028 | D:4      | Noticed an ogre
  4035 | D:4      | Killed an ogre
  4173 | D:4      | Noticed an ogre
  4192 | D:4      | Killed an ogre
  4298 | D:4      | Found a glowing golden altar of the Shining One.
  4361 | D:4      | Noticed an ogre
  4368 | D:4      | Killed an ogre
  4368 | D:4      | Reached XP level 6. HP: 45/45 MP: 14/14
  4615 | D:4      | Found a staircase to the Ecumenical Temple.
  4931 | D:5      | Entered Level 5 of the Dungeon
  5003 | D:5      | Gained mutation: You have a pair of small antennae on your head. [mutagenic meat]
  5004 | D:5      | Gained mutation: You expend magic power (3 MP) to strengthen your wands. [mutagenic meat]
  5005 | D:5      | Gained mutation: You are weak. (Str -2) [mutagenic meat]
  5006 | D:5      | Gained mutation: You are agile. (Dex +2) [mutagenic meat]
  5007 | D:5      | Gained mutation: Your natural rate of healing is unusually fast. [mutagenic meat]
  5272 | D:5      | Reached skill level 5 in Conjurations
  5277 | D:5      | Learned a level 3 spell: Mephitic Cloud
  5280 | D:5      | Learned a level 2 spell: Blink
  5390 | D:5      | Reached skill level 1 in Armour
  5390 | D:5      | Reached XP level 7. HP: 50/50 MP: 15/15
  6115 | D:5      | Found a white marble altar of Elyvilon.
  6381 | D:6      | Gained mutation: Armour fits poorly on your strangely shaped body. [mutagenic meat]
  6382 | D:6      | Gained mutation: You are partially covered in large bone plates (AC +2, SH +2). [mutagenic meat]
  6383 | D:6      | Lost mutation: You expend magic power (3 MP) to strengthen your wands. [mutagenic meat]
  6384 | D:6      | Gained mutation: You are dopey. (Int -2) [mutagenic meat]
  6385 | D:6      | Lost mutation: Armour fits poorly on your strangely shaped body. [mutagenic meat]
  6386 | D:6      | Lost mutation: You are weak. (Str -2) [mutagenic meat]
  6411 | D:6      | Reached XP level 8. HP: 55/57 MP: 16/16
  6481 | D:6      | Reached skill level 1 in Poison Magic
  7121 | D:6      | Noticed Pikel
  7157 | D:6      | Found a stormy altar of Qazlal.
  7159 | D:6      | Noticed a two-headed ogre
  7206 | D:7      | Noticed Prince Ribbit
  7278 | D:7      | Reached skill level 1 in Air Magic
  7513 | D:7      | Found a shimmering altar of Xom.
  7611 | D:7      | Noticed Menkaure
  7652 | D:7      | Killed Menkaure
  7665 | D:7      | Killed Prince Ribbit
  8219 | D:7      | Found a glowing silver altar of Zin.
  8220 | D:7      | Noticed an angel
  8954 | D:8      | Reached XP level 9. HP: 62/62 MP: 13/17
  8981 | D:8      | Found a sand-covered staircase.
  8989 | D:8      | Reached skill level 5 in Summonings
  9043 | Ossuary  | Entered an ossuary
  9096 | Ossuary  | Noticed kuniqs's ghost (novice MiFi)
  9259 | D:8      | Noticed Psyche
  9275 | D:8      | Killed Psyche
  9275 | D:8      | Reached skill level 6 in Summonings
  9744 | D:8      | Found a blossoming altar of Fedhas.
 10409 | D:8      | Reached skill level 7 in Summonings
 10690 | D:9      | Found a flagged portal.
 10693 | Bailey   | Entered a bailey
 11533 | D:9      | Reached skill level 8 in Summonings
 12175 | D:10     | Entered Level 10 of the Dungeon
 12215 | D:10     | Noticed a gargoyle
 12224 | D:10     | Noticed a hill giant
 12754 | D:6      | Reached skill level 9 in Summonings
 12769 | D:6      | Killed Pikel
 13214 | D:9      | Reached XP level 10. HP: 37/69 MP: 9/18
 14597 | D:9      | Killed from afar by a gargoyle

Skill      XL: |  1  2  3  4  5  6  7  8  9 |
---------------+----------------------------+-----
Spellcasting   | 3 |  3.5
Summonings     | 1 2 4 9 |  9.9
Conjurations   | 3 5 7 |  7.6
Armour         | 1 4 |  4.0
Poison Magic   | 3 |  3.4
Air Magic      | 2 |  2.2
Dodging        | |  1.7
Stealth        | |  1.7
Translocations | |  0.8

Action                   |  1- 3 |  4- 6 |  7- 9 | 10-12 || total
-------------------------+-------+-------+-------+-------++-------
Melee: Hand axe          |     8 |       |       |       ||     8
       Dagger            |    43 |    10 |       |       ||    53
       Whip              |     3 |       |       |       ||     3
       Quarterstaff      |       |    46 |   359 |    81 ||   486
 Fire: Blowgun           |       |    11 |     5 |       ||    16
 Cast: Magic Dart        |    54 |       |     4 |       ||    58
       Call Imp          |    24 |    66 |   300 |    40 ||   430
       Mephitic Cloud    |       |       |    14 |    12 ||    26
       Conjure Flame     |       |       |     1 |     1 ||     2
Evoke: Wand              |       |       |     2 |    10 ||    12
  Use: Scroll            |     5 |     1 |     5 |     1 ||    12
       Potion            |       |       |     2 |       ||     2
 Stab: Sleeping          |     1 |       |       |       ||     1
       Distracted        |       |       |     8 |     1 ||     9
       Invisible         |       |       |     1 |       ||     1
       Confused          |       |       |     2 |     1 ||     3
  Eat: Chunk             |     4 |    16 |    43 |     7 ||    70
       Fruit             |       |       |     4 |       ||     4
Armor: Robe              |    25 |    34 |    44 |       ||   103
       Leather armour    |       |       |   185 |    58 ||   243
Dodge: Dodged            |    45 |    56 |   331 |    63 ||   495
Block: Other             |       |       |    32 |    16 ||    48
